cohdb
Replays
Latest Replays
All Replays
Popular Replays
Top Player Replays
Match Explorer
How It Works
Community
CoH3 Stats
Reddit
Sign in to upload your games and track your stats! →
Sign in with Steam
Match 40366037
Unlisted
Match 40366037
Overview
Messages
Build Orders
End
Pioneer Squad
Construct Infanterie Kompanie
Selects Breakthrough Battlegroup
Selects Assault Grenadiers
MG 42 Machine Gun Team
Grenadier Squad
Grenadier Squad
Medical Station
Construct Panzergrenadier Kompanie
251 Medium Carrier
Selects Breakthrough
Grenadier Squad
Grenadier Squad
Pak 40 Anti-tank Gun Team
Selects Rapid Production
Construct Panzer Kompanie
Selects Blitzkrieg
Sturmpanzer IV Brummbär
Selects Mechanized Assault Group
Selects Incendiary Bombing Run
Pak 40 Anti-tank Gun Team
Panzer IV Medium Tank
aleptos
Nasa
风铃
vivisaikou
抖音雨哲QAQ
Kylen
runningDuck
Tatari◑。
0
0
Comments
sign in to comment!
No comments posted yet!